 Dungeon Crawl Stone Soup version 0.21-a0-283-g622b906 (webtiles) character file.

65 RKaid the Slasher (level 3, 0/33 HPs)
             Began as a Draconian Chaos Knight on Sept 25, 2017.
             Slain by an adder (4 damage)
             ... on level 2 of the Dungeon.
             The game lasted 00:05:04 (2344 turns).

RKaid the Slasher (Draconian Chaos Knight)          Turns: 2344, Time: 00:05:05

Health: 0/33       AC:  5    Str: 15    XL:     3   Next: 92%
Magic:  3/3        EV: 12    Int: 17    God:    Xom [..*...]
Gold:   124        SH:  0    Dex: 10    Spells: 2/2 levels left

rFire    . . .     SeeInvis .   a - +0 falchion (chaos)
rCold    . . .     Gourm    .   (no shield)
rNeg     + . .     Faith    .   (armour unavailable)
rPois    .         Spirit   .   (helmet restricted)
rElec    .         Reflect  .   (no cloak)
rCorr    .         Harm     .   (no gloves)
MR       .....                  (no boots)
Stlth    +.........             (no amulet)
HPRegen  0.11/turn              n - ring of positive energy {rN+}
MPRegen  0.08/turn              (no ring)

@: brilliant, lethally poisoned (0 -> -7)
A: unfitting armour, cold-blooded, AC +5
a: Renounce Religion


You were on level 2 of the Dungeon.
You worshipped Xom.
You were a toy of Xom.
You were not hungry.

You visited 1 branch of the dungeon, and saw 3 of its levels.

You collected 124 gold pieces.

Inventory:

Hand Weapons
 a - a +0 falchion of chaos (weapon)
Missiles
 d - 28 stones
 g - 13 sling bullets
 p - 2 throwing nets (quivered) {=f}
Jewellery
 n - a ring of positive energy (left hand) {rN+}
   (You found it on level 1 of the Dungeon)
Scrolls
 e - a scroll of noise {unknown}
 h - a scroll of enchant weapon {unknown}
 j - 2 scrolls of recharging {unknown}
 l - a scroll of amnesia {unknown}
 o - a scroll of identify {unknown}
Potions
 c - a potion of brilliance
Comestibles
 b - 2 bread rations
 i - a royal jelly
 k - a meat ration
 m - 3 chunks of flesh
 q - 2 fruits


   Skills:
 + Level 3.9 Fighting
 * Level 4.0 Long Blades
 + Level 2.7 Dodging


You had 2 spell levels left.
You didn't know any spells.

Dungeon Overview and Level Annotations

Branches:
Dungeon (3/15)

Altars:
Sif Muna
Uskayaw


Innate Abilities, Weirdness & Mutations

Your plain brown scales are hard. (AC +5)
You cannot fit into any form of body armour.
You are cold-blooded and may be slowed by cold attacks.


Message History

You see here a leopard gecko corpse.
You butcher the leopard gecko corpse.
m - 5 chunks of flesh (gained 1)
You see here a leopard gecko skeleton.
d - 28 stones (gained 11)
You see here 11 arrows.
Done exploring.
Quiver which item? (- for none, * to show all) (? for menu, Esc to quit)
Quivering
p - 2 throwing nets {=f} for throwing.
There is a staircase leading out of the dungeon here.
Some of the chunks of flesh in your inventory have rotted away.
There is a stone staircase leading down here.
You climb downwards.
There is a stone staircase leading up here.
Done exploring.
Eating one of 4 chunks of flesh.
You eat one of the 4 chunks of flesh.
This raw flesh tastes terrible.
There is an escape hatch in the floor here.
There is a stone staircase leading down here.
You climb downwards.
A worm comes into view.
There is a stone staircase leading up here.
An adder and a kobold come into view.
The adder hisses angrily.
The kobold shouts!
The adder bites you but does no damage.
You hit the adder. You burn the adder. The adder barely misses you.
The adder closely misses you.
You riposte.
You closely miss the adder. You hit the adder.
The adder flickers and vanishes!
Deactivating autopickup; reactivate with Ctrl-A.
Xom thinks this is hilarious!
Something bites you but does no damage. The worm bites you!
Something bites you.
You are poisoned.
Something poisons you!
There is a stone staircase leading up here.
You hit something but do no damage.
Your tail-slap misses something.
You feel sick. Something bites you but does no damage.
The kobold unwields an uncursed club.
The kobold wields a blowgun.
The kobold shoots a poisoned needle.
The poisoned needle closely misses you.
You closely miss something. Something bites you but does no damage.
The kobold shoots a poisoned needle.
The poisoned needle barely misses you. The worm barely misses you.
You riposte.
You hit the worm.
The worm is poisoned.
Something bites you.
You are more poisoned.
Something poisons you! Something bites you.
You are more poisoned.
Something poisons you!
You climb upwards.
You feel sick.
There is a stone staircase leading down here.
You barely miss the worm.
You tail-slap the worm, but do no damage.
You feel sick. Something bites you. The worm misses you.
You barely miss the worm. You tail-slap the worm.
You feel sick. Something completely misses you.
You completely miss something.
* * * LOW HITPOINT WARNING * * *
You feel sick.
Xom smirks.
You feel momentarily disoriented. Something bites you.
* * * LOW HITPOINT WARNING * * *
You are more poisoned.
Something poisons you! The worm bites you but does no damage.
Something bites you but does no damage.
It was a potion of brilliance.
You feel clever all of a sudden.
Xom thinks this is hilarious!
* * * LOW HITPOINT WARNING * * *
You feel sick. Something bites you.
* * * LOW HITPOINT WARNING * * *
The worm barely misses you.
It was a potion of ambrosia.
You are confused.
You feel invigorated.
* * * LOW HITPOINT WARNING * * *
You feel sick. Something bites you.
* * * LOW HITPOINT WARNING * * *
Something bites you but does no damage.
You bump into the rock wall.
* * * LOW HITPOINT WARNING * * *
You feel sick. The worm misses you. Something bites you but does no damage.
* * * LOW HITPOINT WARNING * * *
You feel sick. Something bites you but does no damage. The worm bites you.
* * * LOW HITPOINT WARNING * * *
* * * LOW HITPOINT WARNING * * *
You feel sick. Something bites you.
* * * LOW HITPOINT WARNING * * *
You feel less invigorated.
You feel less confused.
* * * LOW HITPOINT WARNING * * *
You feel sick.
* * * LOW HITPOINT WARNING * * *
You feel sick.
* * * LOW HITPOINT WARNING * * *
You feel sick. Something bites you.
* * * LOW HITPOINT WARNING * * *
Something bites you.
You die... "What!?
That's it?"

#....##.# #...<#.##..# ##
######.....#.###.##.#.##..######.
.................................
.#########...###.#..#.##..#######
.###.........# #.##.#............
.##..#####...###.##.####..#######
....##...##......#.....#......#..
...##.....##....###.##.#...##.#.#
...#.......#....@.#.##.#...##.#.#
...'.......#....#.#....#........#
...#.......#..w.#.#.#.....###.###
...##.....##....#.#.#.##.#.......
...###...###....#.#....#.#.##.###
...# ##### #>...#.######.#.##.# #
...###...####...#........#.##.# #
...##.....###.........##.#.##.# #
...#.......#####......##.#.##.# #


You could see a worm.

Vanquished Creatures
  An adder (D:2)
  2 oozes (D:1)
  A worm (D:2)
  2 leopard geckos
  A ball python (D:1)
  2 giant cockroaches
  6 goblins
  6 hobgoblins
  4 kobolds
  10 bats
  2 frilled lizards (D:1)
  4 rats
41 creatures vanquished.

Notes
Turn   | Place    | Note
-------+----------+-------------------------------------------
     0 | D:1      | RKaid the Draconian Chaos Knight began the quest for the Orb.
     0 | D:1      | Reached XP level 1. HP: 19/19 MP: 1/1
   346 | D:1      | Reached XP level 2. HP: 26/26 MP: 2/2
   476 | D:1      | XOM: harmless Summ miscast
   508 | D:1      | XOM: butterfly on damage
   531 | D:1      | XOM: cast spell 'Summon Butterflies'
   665 | D:1      | XOM: confuse monster(s)
   774 | D:2      | XOM: god gift: bread ration
   776 | D:2      | XOM: silly message
  1038 | D:2      | XOM: silly message
  1091 | D:2      | Reached XP level 3. HP: 28/31 MP: 3/3
  1127 | D:2      | XOM: divination: detect items
  1594 | D:2      | XOM: harmless Fire miscast
  1674 | D:2      | Found a hide-covered altar of Uskayaw.
  1674 | D:2      | Found a deep blue altar of Sif Muna.
  2180 | D:1      | Reached skill level 4 in Long Blades
  2335 | D:2      | XOM: divination: magic mapping
  2335 | D:2      | HP: 7/33 [something (2)]
  2336 | D:2      | HP: 3/33 [something (4)]
  2337 | D:2      | HP: 1/33 [something (3)]
  2343 | D:2      | HP: 6/33 [poisoned by an adder]
  2344 | D:2      | Slain by an adder

Vault maps used:
D:1:      lightli_iron_boxes
D:2:      kennysheep_six_static_rooms, gammafunk_temple_overflow_wave
D:3:      nicolae_overflow_crystal_walls, first_bread,
          chequers_ecumenical_altar_simple

Skill      XL: |  1  2  3 |
---------------+----------+-----
Long Blades    | 4 |  4.0
Fighting       | |  3.9
Dodging        | |  2.7

Action                   || total
-------------------------++-------
Melee: Falchion          ||   113
       Tailslap          ||    10
  Use: Potion            ||     2
 Stab: Paralysed         ||     2
       Distracted        ||     1
  Eat: Chunk             ||     4
       Fruit             ||     1
Armor: Skin              ||    70
Dodge: Dodged            ||   107
       Rpst.: Falchion   ||    36

Table legend:
 A = Spawn XP
 B = Non-spawn XP
 C = Spawn XP percentage of total XP
 D = Spawn monster count
 E = Non-spawn monster count
 F = Spawn count percentage of total count
 G = Total turns spent on level
                    A         B        C        D         E        F      G
               +---------+---------+-------+---------+---------+-------+---------
         Total |       0 |      93 |   0.0 |       0 |      41 |   0.0 |  2344
               +---------+---------+-------+---------+---------+-------+---------
           D:1 |       0 |      50 |   0.0 |       0 |      24 |   0.0 |  1224
           D:2 |       0 |      43 |   0.0 |       0 |      17 |   0.0 |  1110
               +---------+---------+-------+---------+---------+-------+---------

Table legend:
 A = Turns spent in this place as a percentage of turns spent in the entire game.
 B = Non-inter-level travel turns spent in this place as a percentage of non-inter-level travel turns spent in the entire game.
 C = Inter-level travel turns spent in this place as a percentage of turns spent in this place.
 D = Turns resting spent in this place as a percentage of non-inter-level travel turns spent in this place.
 E = Turns spent auto-exploring this place as a percentage of non-inter-level travel turns spent in this place.
 F = Non-inter-level travel turns spent in this place divided by the number of levels of this place that you've seen.
                   A       B       C       D       E      F
               +-------+-------+-------+-------+-------+----------------------
         Total | 100.0 | 100.0 |   4.7 |  12.3 |  59.5 | 745.0
       Dungeon | 100.0 | 100.0 |   4.7 |  12.3 |  59.5 | 745.0
               +-------+-------+-------+-------+-------+----------------------

Table legend:
 A = Kills in this place as a percentage of kills in entire the game.
 B = Kills by you in this place as a percentage of kills by you in the entire game.
 C = Kills by friends in this place as a percentage of kills by friends in the entire game.
 D = Other kills in this place as a percentage of other kills in the entire game.
 E = Experience gained in this place as a percentage of experience gained in the entire game.
 F = Experience gained in this place divided by the number of levels of this place that you have seen.
                   A       B       C       D       E      F
               +-------+-------+-------+-------+-------+----------------------
         Total | 100.0 | 100.0 |   N/A |   N/A | 100.0 |  31.0
       Dungeon | 100.0 | 100.0 |   N/A |   N/A | 100.0 |  31.0
               +-------+-------+-------+-------+-------+----------------------
